 Dungeon Crawl Stone Soup version 0.19-b1-5-gdc9fa9d (webtiles) character file.

178 HeyBub the Shield-Bearer (level 5, -2/70 HPs)
             Began as a Minotaur Fighter on Oct 31, 2016.
             Slain by an ogre
             ... wielding a +0 giant club
              (4 damage)
             ... on level 4 of the Dungeon.
             The game lasted 00:06:19 (2610 turns).

HeyBub the Shield-Bearer (Minotaur Fighter)         Turns: 2610, Time: 00:06:20

Health: -2/70      AC: 22    Str: 22    XL:     5   Next: 32%
Magic:  4/4        EV:  2    Int:  5    God:
Gold:   119        SH:  9    Dex:  9    Spells: 0 memorised, 4 levels left

rFire  . . .     SeeInvis .     a - +0 war axe
rCold  . . .     Gourm    .     (armour currently unavailable)
rNeg   + + +     Faith    .     c - +0 shield
rPois  +         Spirit   .     (helmet currently unavailable)
rElec  .         Reflect  .     (cloak currently unavailable)
rCorr  .         Harm     .     (gloves currently unavailable)
MR     .....     NoTele   +     (boots currently unavailable)
Stlth  +.........               (no amulet)
                                w - ring of positive energy
                                t - ring of teleportation (curse)

@: tree-form
A: (retaliatory headbutt), (horns 0)
a: no special abilities


You were on level 4 of the Dungeon.
You were hungry.
You were a tree.
You visited 1 branch of the dungeon, and saw 4 of its levels.

You collected 119 gold pieces.

Inventory:

Hand Weapons
 a - a +0 war axe (weapon)
Armour
 b - a +0 scale mail (melded)
 c - a +0 shield (worn)
 r - a +0 pair of gloves (melded)
Jewellery
 t - a cursed ring of teleportation (left branch)
 w - a ring of positive energy (right branch)
Scrolls
 g - a scroll of magic mapping
 h - a scroll of enchant armour
 l - a scroll of teleportation
 m - a scroll of noise
 n - 3 scrolls of remove curse
 p - a scroll of enchant weapon {unknown}
 s - a scroll of random uselessness {unknown}
 y - a scroll of blinking {unknown}
 z - a scroll of amnesia {unknown}
Potions
 d - a potion of might
 i - a potion of agility
 k - a potion of degeneration {unknown}
 o - a potion of cure mutation {unknown}
 q - a potion of ambrosia {unknown}
 x - a potion of beneficial mutation {unknown}
Comestibles
 f - a bread ration
 j - 2 slices of pizza
 u - a beef jerky
 v - a royal jelly
 A - 5 fruits


   Skills:
 + Level 4.5 Fighting
 + Level 4.3 Axes
 + Level 4.5 Armour
 + Level 0.9 Dodging
 + Level 0.1 Stealth
 + Level 4.6 Shields


You had 4 spell levels left.
You didn't know any spells.

Dungeon Overview and Level Annotations

Branches:
Dungeon (4/15)
 Temple: D:4-7

Altars:
Hepliaklqana


Innate Abilities, Weirdness & Mutations

((You reflexively headbutt those who attack you in melee.))
((You have a pair of horns on your head.))


Message History

You hit the adder.
You kill the adder!
You closely miss the quokka. The quokka barely misses you.
You closely miss the quokka. You block the quokka's attack.
The quokka bites you but does no damage.
You hit the quokka but do no damage.
The quokka bites you but does no damage.
You block the quokka's attack.
You slash the quokka!
You kill the quokka!
You block the ogre's attack.
You barely miss the ogre. You block the ogre's attack.
You hit the ogre.
The ogre is lightly wounded.
The ogre hits you with a giant club!
* * * LOW HITPOINT WARNING * * *
You barely miss the ogre.
The ogre is lightly wounded.
The ogre hits you with a giant club.
You die...

#.#<....O.##.# #..#.#
#...########......#..
##O## #####.##..
#.### #.#### #...#
#.. .r ###.# .#####
#.# . ####O### ##
#..$♣..# #.##.#.# #
..#.# .### # .. #. ##


You could see an ogre.

Vanquished Creatures
  An orc priest (D:4)
  A worker ant (D:4)
  8 adders
  A worm (D:3)
  A leopard gecko (D:3)
  4 orcs
  4 giant cockroaches
  6 goblins
  4 hobgoblins
  5 kobolds
  3 quokkas
  7 bats
  2 frilled lizards
  6 rats
53 creatures vanquished.

Notes
Turn   | Place    | Note
-------+----------+-------------------------------------------
     0 | D:1      | HeyBub the Minotaur Fighter began the quest for the Orb.
     0 | D:1      | Reached XP level 1. HP: 19/19 MP: 0/0
   227 | D:1      | Reached XP level 2. HP: 22/27 MP: 1/1
   834 | D:2      | Reached XP level 3. HP: 33/33 MP: 2/2
  1562 | D:3      | Reached XP level 4. HP: 37/40 MP: 3/3
  2206 | D:4      | Noticed an ogre
  2217 | D:4      | Reached XP level 5. HP: 12/47 MP: 4/4
  2541 | D:4      | Found a hazy altar of Hepliaklqana.
  2609 | D:4      | HP: 2/70 [ogre/giant club (17)]
  2610 | D:4      | Slain by an ogre

Skill      XL: |  1  2  3  4 |
---------------+-------------+-----
Armour         | 4 |  4.5
Fighting       | 4 |  4.5
Shields        | 4 |  4.6
Axes           | 3 4 |  4.3
Dodging        | |  0.9
Stealth        | |  0.1

Action                   |  1- 3 |  4- 6 || total
-------------------------+-------+-------++-------
Melee: War axe           |    93 |    55 ||   148
       Headbutt          |     9 |     8 ||    17
  Use: Scroll            |     4 |     2 ||     6
       Potion            |       |     7 ||     7
  Eat: Meat ration       |     1 |       ||     1
Armor: Scale mail        |    44 |    21 ||    65
       Skin              |       |     4 ||     4
Dodge: Dodged            |    28 |    28 ||    56
Block: Shield            |    49 |    40 ||    89
